 Dungeon Crawl Stone Soup version 0.22-a0-398-g8bb545f033 (webtiles) character file.

67722 kmenux the Crack Shot (level 14, -10/118 HPs)
             Began as a Centaur Hunter on May 4, 2018.
             Was a High Priest of Okawaru.
             Killed from afar by a shock serpent (15 damage)
             ... with a bolt of electricity
             ... on level 1 of the Snake Pit on May 5, 2018.
             The game lasted 03:06:52 (34254 turns).

kmenux the Crack Shot (Centaur Hunter)             Turns: 34254, Time: 03:06:53

Health: -10/118    AC: 31    Str: 17    XL:     14   Next: 84%
Magic:  8/21       EV: 18    Int: 10    God:    Okawaru [*****.]
Gold:   1252       SH:  0    Dex: 19    Spells: 8/13 levels left

rFire    + . .     SeeInvis .   a - +3 shortbow (flame)
rCold    + . .     Gourm    +   (shield currently unavailable)
rNeg     + . .     Faith    .   C - +2 robe {MR+}
rPois    +         Spirit   .   u - +2 hat
rElec    .         Reflect  .   Y - scarf {rC+ rF+}
rCorr    .         Harm     .   X - +2 pair of gloves {Dex+3}
MR       ++...                  U - +10 Black Knight's horse barding {ponderous, rPois rN+}
Stlth    +++.......             c - amulet of the gourmand
HPRegen  0.29/turn              v - +3 ring of dexterity
MPRegen  0.17/turn              o - +5 ring of protection

@: heroism, finesse, quick
A: large, hooves 3, deformed body, speed 2, tough skin 3
a: Heroism, Finesse, Renounce Religion


You were on level 1 of the Snake Pit.
You worshipped Okawaru.
Okawaru was extremely pleased with you.
You were full.

You visited 4 branches of the dungeon, and saw 22 of its levels.

You collected 1252 gold pieces.

Inventory:

Hand Weapons
 a - a +3 shortbow of flaming (weapon)
 b - the +8 whip "Snakebite" {curare, rPois}
   (You found it on level 1 of the Lair of Beasts)

   It poisons the flesh of those it strikes.
   It protects you from poison.
 E - a +0 longbow of freezing
Missiles
 z - 381 arrows (quivered)
Armour
 p - a +2 robe of cold resistance
 r - a +0 cloak of magic resistance
 u - a +2 hat (worn)
 C - a +2 robe of magic resistance (worn)
 U - the +10 Black Knight's horse barding (worn) {ponderous, rPois rN+}
   (Okawaru gifted it to you on level 14 of the Dungeon)

   It protects you from poison.
   It protects you from negative energy.
 X - a +2 pair of gloves of dexterity (worn)
 Y - a scarf of resistance (worn)
Jewellery
 c - an amulet of the gourmand (around neck)
 g - an uncursed ring of positive energy
 o - a +5 ring of protection (right hand)
 v - a +3 ring of dexterity (left hand)
 H - an uncursed ring of ice
 M - an uncursed ring of flight
 V - an uncursed ring of protection from cold
Wands
 d - a wand of enslavement (20)
 y - a wand of acid (6)
 F - a wand of disintegration (25)
 G - a wand of polymorph (30)
 N - a wand of clouds (7)
 Q - a wand of iceblast (32)
 R - a wand of flame (45)
 S - a wand of scattershot (6)
 Z - a wand of paralysis (56)
Scrolls
 j - 8 scrolls of magic mapping
 q - 8 scrolls of enchant armour
 t - a scroll of fear
 x - 9 scrolls of teleportation
 A - a scroll of fog
 J - 3 scrolls of amnesia
 O - a scroll of immolation
 P - a scroll of summoning
 T - 3 scrolls of remove curse
Potions
 e - 4 potions of lignification
 h - 5 potions of agility
 i - 3 potions of might
 k - a potion of curing
 l - 2 potions of cancellation
 n - 3 potions of resistance
 s - a potion of berserk rage
 w - a potion of mutation
 B - 2 potions of ambrosia
 D - a potion of invisibility
 I - 5 potions of haste
 L - 3 potions of flight
 W - a potion of magic
Miscellaneous
 K - a sack of spiders
Comestibles
 f - 17 rations


   Skills:
 - Level 9.2(14.2) Fighting
 - Level 22.3(27) Bows
 + Level 7.4(12.4) Dodging
 - Level 1.0(6.0) Stealth
 - Level 4.4(9.4) Unarmed Combat
 - Level 6.0 Hexes
 - Level 6.0 Translocations
 - Level 10.0 Invocations


You had 8 spell levels left.
You knew the following spells:

 Your Spells              Type           Power        Failure   Level  Hunger
a - Blink                 Tloc           N/A          4%          2    ###....
b - Portal Projectile     Hex/Tloc       ##....       10%         3    ####...


Dungeon Overview and Level Annotations

Branches:
Dungeon (15/15)            Temple (0/1) D:7            Lair (4/6) D:10
  Swamp (1/4) Lair:3        Snake (2/4) Lair:3          Orc (0/2) D:11
 Vaults (0/5) D:14
 Depths: D:15

Altars:
Fedhas
Okawaru
Qazlal
The Shining One

Shops:
D:12 %

Annotations:
D:12 exclusions: obsidian statue and orange crystal statue
Swamp:1 Donald
Snake:2 Vashnia


Innate Abilities, Weirdness & Mutations

You have hooves in place of feet.
Armour fits poorly on your strangely shaped body.
You cover ground very quickly.
You have extremely tough skin. (AC +3)


Message History

The shock serpent is almost dead.
You can now deal lightning-fast blows.
The shock serpent shoots out a bolt of lightning at you!
The bolt of electricity hits you!
* * * LOW HITPOINT WARNING * * *
As you read the scroll of fog, it crumbles to dust.
The scroll dissolves into smoke.
Firing (i - inventory)
z - 383 arrows (quivered)
Press: ? - help, Shift-Dir - straight line, f/p - shock serpent
Aim: a shock serpent (blue smoke, almost dead, poisoned)
You shoot an arrow.
The arrow closely misses the shock serpent.
Firing (i - inventory)
z - 382 arrows (quivered)
Press: ? - help, Shift-Dir - straight line, f/p - shock serpent
Aim: a shock serpent (blue smoke, almost dead, poisoned)
You shoot an arrow.
The arrow closely misses the shock serpent.
The shock serpent shoots out a bolt of lightning at you!
The bolt of electricity hits you!
You die...

...## ##.###..###...............
...#####..# ##..#................
..........# #................###
...##.....####...........###.## #
..#####.................## #..###
..# ##...##............# ##..#.
.## #....####§§§§§§....#####....
.#####.##.###§§§§§.§.....##......
.##....##..##§S§@§§.........####.
=>..#..##..#§####§).#......## ##
...###.......# ##.###.....# #
...(###.####S# ##.# ##...)## ##
.....#..# #.## #.## #.#...####.
...#....# #..###.# ##.#....##..
.###.(..####.(....####....##.....
## #.....................####...#
####......[....[...>.....# ##..#


You could see a shock serpent.

Vanquished Creatures
  Gastronok (D:9)
  A nagaraja (Snake:2)
  Snorg (D:11)
  4 vault guards (D:14)
  An ice dragon (D:14)
  Fannar (D:10)
  8 hydras
  2 naga warriors
  An alligator (Swamp:1)
  3 centaur warriors (D:14)
  4 anacondas
  3 two-headed ogres
  A tengu warrior (D:14)
  A shock serpent (Snake:2)
  2 naga sharpshooters (Snake:2)
  A swamp dragon (shapeshifter) (D:14)
  A naga ritualist (Snake:1)
  Pikel (D:4)
  9 ugly things
  A deep elf mage (D:14)
  A mana viper (Snake:1)
  2 cyclopes
  2 manticores (D:14)
  3 salamanders (Snake:2)
  Maurice (D:13)
  14 black mambas
  4 gargoyles
  A naga mage (Snake:1)
  A kobold demonologist (D:14)
  10 spiny frogs
  4 rime drakes
  7 komodo dragons
  A freezing wraith (D:11)
  A polar bear (D:14)
  A troll (shapeshifter) (D:13)
  3 trolls
  Grinder (D:4)
  A tyrant leech (Swamp:1)
  3 blink frogs (Lair:1)
  A meliai zombie (D:12)
  10 hippogriffs
  A centaur simulacrum (D:14)
  3 wraiths
  4 wyverns
  3 hogs (D:7)
  A human (D:7)
  23 yaks
  2 basilisks
  3 vampire mosquitoes (D:14)
  A hungry ghost (D:8)
  A warg (D:11)
  3 swamp worms (Swamp:1)
  3 insubstantial wisps (Swamp:1)
  A naga (Snake:1)
  A harpy simulacrum (D:14)
  An acid dragon (D:13)
  Edmund (D:4)
  2 soldier ants
  8 water moccasins
  8 porcupines
  A sky beast (D:13)
  A swamp drake (Swamp:1)
  7 black bears
  An eye of draining (D:11)
  An ice beast (D:14)
  5 orc warriors
  3 slaves (D:4)
  A phantom (D:11)
  6 ogres
  10 wolves
  A necrophage (D:8)
  9 centaurs
  5 crocodiles
  12 bullfrogs
  A wyvern zombie (D:10)
  3 scorpions
  39 killer bees
  4 howler monkeys
  2 electric eels
  17 crimson imps
  5 jellies
  A quasit (D:10)
  A bullfrog skeleton (D:5)
  3 hounds
  A gnoll shaman (D:4)
  10 orc priests
  A bullfrog zombie (D:8)
  16 orc wizards
  3 centaur skeletons
  Crazy Yiuf (D:6)
  2 iguanas
  14 worker ants
  4 hell rats (Lair:3)
  A hound zombie (D:6)
  A worker ant zombie (D:7)
  11 gnolls
  17 adders
  13 river rats (Lair:3)
  2 shadow imps
  10 worms
  4 dart slugs
  5 leopard geckos
  54 orcs
  4 giant cockroaches
  7 goblins
  8 hobgoblins
  20 jackals
  9 quokkas
  9 bats
  6 frilled lizards
  A jackal zombie (D:5)
  12 kobolds
  A leopard gecko zombie (D:5)
  19 rats
594 creatures vanquished.

Vanquished Creatures (others)
  A slave (D:4)
  7 fungi
  11 plants
19 creatures vanquished.

Grand Total: 613 creatures vanquished

Notes
Turn   | Place    | Note
-------+----------+-------------------------------------------
     0 | D:1      | kmenux the Centaur Hunter began the quest for the Orb.
     0 | D:1      | Reached XP level 1. HP: 17/17 MP: 1/1
    80 | D:1      | Reached XP level 2. HP: 24/24 MP: 2/2
    99 | D:1      | Reached skill level 6 in Bows
   432 | D:1      | Reached XP level 3. HP: 29/29 MP: 3/3
   925 | D:2      | Reached skill level 7 in Bows
  1104 | D:2      | Reached XP level 4. HP: 30/36 MP: 4/4
  1752 | D:3      | Reached skill level 8 in Bows
  2044 | D:3      | Reached XP level 5. HP: 32/41 MP: 5/5
  2649 | D:4      | Reached skill level 9 in Bows
  2701 | D:4      | Noticed Edmund
  2704 | D:4      | Noticed Grinder
  2714 | D:4      | Killed Edmund
  2714 | D:4      | Reached skill level 10 in Bows
  2714 | D:4      | Reached XP level 6. HP: 48/48 MP: 6/6
  2721 | D:4      | Paralysed by Grinder for 5 turns
  2755 | D:4      | Killed Grinder
  2755 | D:4      | Reached skill level 11 in Bows
  2755 | D:4      | Reached XP level 7. HP: 38/55 MP: 7/7
  2913 | D:4      | Noticed Pikel
  3589 | D:4      | Killed Pikel
  3589 | D:4      | Reached skill level 12 in Bows
  3589 | D:4      | Reached XP level 8. HP: 35/61 MP: 8/8
  3948 | D:4      | Reached skill level 13 in Bows
  4734 | D:4      | Found a glowing golden altar of the Shining One.
  5068 | D:5      | Entered Level 5 of the Dungeon
  5254 | D:5      | Reached skill level 14 in Bows
  6074 | D:6      | Reached skill level 15 in Bows
  6243 | D:5      | Reached skill level 1 in Unarmed Combat
  6278 | D:5      | Found an iron altar of Okawaru.
  6293 | D:5      | Became a worshipper of Warmaster Okawaru
  6349 | D:5      | Reached XP level 9. HP: 34/67 MP: 9/9
  7260 | D:6      | Found a runed door.
  7264 | D:6      | Noticed Crazy Yiuf
  7272 | D:6      | Killed Crazy Yiuf
  7595 | D:7      | You fall through a shaft for 3 floors!
  7595 | D:10     | Entered Level 10 of the Dungeon
  7595 | D:10     | Noticed Fannar
  7692 | D:9      | Reached * piety under Okawaru
  7891 | D:9      | Noticed Gastronok
  8038 | D:9      | Killed Gastronok
  8038 | D:9      | Reached ** piety under Okawaru
  8038 | D:9      | Reached XP level 10. HP: 79/90 MP: 10/10
  8089 | D:8      | Noticed a two-headed ogre
  8791 | D:7      | Reached *** piety under Okawaru
  9413 | D:7      | Reached skill level 16 in Bows
  9492 | D:7      | Found a staircase to the Ecumenical Temple.
  9613 | D:8      | Received a gift from Okawaru
 10218 | D:8      | Killed a two-headed ogre
 10218 | D:8      | Reached **** piety under Okawaru
 10218 | D:8      | Reached skill level 17 in Bows
 10555 | D:9      | Received a gift from Okawaru
 10669 | D:9      | Reached XP level 11. HP: 96/96 MP: 11/11
 11116 | D:10     | Noticed a two-headed ogre
 11159 | D:10     | Killed a two-headed ogre
 11445 | D:10     | Noticed a cyan ugly thing
 11506 | D:10     | Killed a cyan ugly thing
 11506 | D:10     | Received a gift from Okawaru
 11506 | D:10     | Reached skill level 18 in Bows
 12164 | D:10     | Found a staircase to the Lair.
 12797 | Lair:1   | Entered Level 1 of the Lair of Beasts
 13742 | Lair:1   | Reached skill level 19 in Bows
 13794 | Lair:1   | Reached ***** piety under Okawaru
 14130 | Lair:1   | Received a gift from Okawaru
 14259 | Lair:1   | Found the +8 whip "Snakebite" {curare, rPois}
 14436 | Lair:1   | Received a gift from Okawaru
 14919 | Lair:2   | Reached skill level 20 in Bows
 14961 | Lair:2   | Received a gift from Okawaru
 14961 | Lair:2   | Reached skill level 1 in Invocations
 15491 | Lair:2   | Reached XP level 12. HP: 100/103 MP: 11/14
 15609 | Lair:2   | Received a gift from Okawaru
 15813 | Lair:2   | Reached skill level 5 in Invocations
 16605 | Lair:3   | Found a staircase to the Swamp.
 16751 | Lair:3   | Upgraded the game from 0.22-a0-396-g3f858e37d3 to 0.22-a0-398-g8bb545f033
 16794 | Lair:3   | Noticed an eight-headed hydra
 16848 | Lair:3   | Killed an eight-headed hydra
 17359 | Lair:3   | Found a staircase to the Snake Pit.
 17423 | Lair:3   | Received a gift from Okawaru
 17606 | Lair:3   | Noticed a four-headed hydra
 17641 | Lair:3   | Killed a four-headed hydra
 18284 | Lair:3   | Reached skill level 10 in Invocations
 18355 | Lair:3   | Identified a scroll of acquirement
 20204 | Lair:4   | Noticed an eight-headed hydra
 20210 | Lair:4   | Killed an eight-headed hydra
 20216 | Lair:4   | Noticed a death yak
 20216 | Lair:4   | Noticed a death yak
 20217 | Lair:4   | Noticed a death yak
 20229 | Lair:4   | Received a gift from Okawaru
 20358 | Lair:4   | Noticed a four-headed hydra
 20729 | Lair:4   | Noticed a death yak
 20731 | Lair:4   | Noticed a death yak
 20861 | D:10     | Killed Fannar
 21088 | D:11     | Reached skill level 5 in Dodging
 21147 | D:11     | Received a gift from Okawaru
 21147 | D:11     | Reached XP level 13. HP: 110/110 MP: 20/20
 21265 | D:11     | Found a staircase to the Orcish Mines.
 21835 | D:11     | Received a gift from Okawaru
 21893 | D:12     | Noticed Snorg
 22271 | D:11     | Killed Snorg
 22679 | D:12     | Received a gift from Okawaru
 23045 | D:12     | Found Zuirphem's Food Boutique.
 23826 | D:13     | Received a gift from Okawaru
 24053 | D:14     | Found a blossoming altar of Fedhas.
 24084 | D:13     | Received a gift from Okawaru
 24402 | D:13     | Noticed Maurice
 24413 | D:13     | Killed Maurice
 24756 | D:14     | Found a gate to the Vaults.
 25063 | D:14     | Reached skill level 21 in Bows
 25236 | D:15     | Entered Level 15 of the Dungeon
 26026 | D:14     | Received a gift from Okawaru
 26027 | D:14     | Found the +10 Black Knight's horse barding {ponderous, rPois rN+}
 26403 | D:14     | Reached skill level 22 in Bows
 26642 | D:14     | Reached XP level 14. HP: 117/117 MP: 21/21
 27031 | D:14     | Learned a level 2 spell: Blink
 27130 | D:14     | Reached skill level 1 in Translocations
 27196 | D:14     | Found the +8 frozen axe "Frostbite" {freezing cloud, *Noise +Fly rC+}
 28154 | Swamp:1  | Entered Level 1 of the Swamp
 28499 | Swamp:1  | Reached skill level 5 in Translocations
 28868 | Swamp:1  | Noticed Donald
 29100 | Lair:3   | Learned a level 3 spell: Portal Projectile
 29165 | Snake:1  | Entered Level 1 of the Snake Pit
 29335 | Snake:1  | Reached skill level 1 in Stealth
 30632 | Snake:1  | Reached skill level 1 in Hexes
 31036 | Snake:2  | Found a stormy altar of Qazlal.
 32305 | Snake:2  | Noticed Vashnia
 32889 | Snake:1  | Received a gift from Okawaru
 32889 | Snake:1  | Reached skill level 5 in Hexes
 33391 | Snake:2  | Noticed a nagaraja
 33740 | Snake:2  | Killed a nagaraja
 34240 | Snake:1  | HP: 5/118 [shock serpent/bolt of electricity (24)]
 34248 | Snake:1  | HP: 3/118 [shock serpent/bolt of electricity (19)]
 34254 | Snake:1  | Killed from afar by a shock serpent

Vault maps used:
D:1:      dpeg_arrival_brainrot
D:3:      kennysheep_generic_room_5
D:4:      tso_oasis_becter, guppyfry_early_orc_mine, uniq_grinder, uniq_pikel,
          uniq_edmund
D:5:      first_ration, minivault_11, grunt_decor_fettered, okawaru_trees_1
D:6:      uniq_crazy_yiuf_cottage
D:7:      minmay_temple_entry_enclosed_plants, grunt_livestock
D:9:      minmay_strange_pillars, minmay_nine_imps, uniq_gastronok
D:10:     lair_entry_dummy, uniq_fannar
D:11:     david_orc_3
D:12:     serial_shops, shop, minmay_more_statues, uniq_snorg
D:13:     feat_on_display, uniq_maurice
D:14:     minmay_coctagon, lightli_vaults_fourway_checkpoint, basic_altar,
          serial_park_tiny_pond, grunt_ministairs_8
D:15:     grunt_enter_depths_magical_seal, roderic_lattice_a, uniq_rupert,
          uniq_urug
Lair:1:   minmay_guarded_unrand_snakebite, gammafunk_lair_bear_cave,
          grunt_megastairs_3
Lair:3:   lemuel_ratsnest, swamp_mist, dummy_snake_entry, beast_lair_carwin_6,
          grunt_megastairs_1
Lair:4:   wad_woods_minihive
Swamp:1:  evilmike_swamp_ruin_house_3, uniq_donald
Snake:1:  lemuel_fruit_tree
Snake:2:  basic_altar, uniq_vashnia

Skill      XL: |  1  2  3  4  5  6  7  8  9 10 11 12 13 14 |
---------------+-------------------------------------------+-----
Bows           | 6 7 8 10 11 12 15 17 20 22 | 22.3
Unarmed Combat | 2 4 |  4.4
Fighting       | 8 9 |  9.2
Invocations    | 3 10 | 10.0
Dodging        | 5 7 |  7.4
Translocations | 6 |  6.0
Stealth        | 1 |  1.0
Hexes          | 6 |  6.0

Action                   |  1- 3 |  4- 6 |  7- 9 | 10-12 | 13-15 || total
-------------------------+-------+-------+-------+-------+-------++-------
Melee: Unarmed           |       |       |    40 |     6 |       ||    46
       Kick              |       |       |    15 |    41 |    89 ||   145
       Shortbow          |       |       |     3 |       |       ||     3
       Whip              |       |       |       |   127 |   236 ||   363
       Punch             |       |       |       |     3 |     8 ||    11
 Fire: Shortbow          |   118 |   196 |   532 |  1115 |   811 ||  2772
       Longbow           |       |       |       |       |    54 ||    54
 Cast: Blink             |       |       |       |       |    24 ||    24
       Portal Projectile |       |       |       |       |    12 ||    12
Invok: Heroism           |       |       |       |    36 |    19 ||    55
       Finesse           |       |       |       |     1 |     4 ||     5
Evoke: Wand              |       |       |     1 |       |       ||     1
  Use: Scroll            |       |       |    14 |    22 |     8 ||    44
       Potion            |       |       |       |       |     6 ||     6
  Eat: Ration            |       |     1 |     3 |     8 |    10 ||    22
       Chunk             |       |       |     2 |     9 |    12 ||    23
Armor: Leather armour    |     7 |       |       |       |       ||     7
       Ring mail         |     4 |    18 |    17 |       |       ||    39
       Robe              |       |       |    36 |   196 |   241 ||   473
       Scale mail        |       |       |       |    39 |       ||    39
Dodge: Dodged            |    21 |    16 |    54 |   295 |   292 ||   678

Table legend:
 A = Spawn XP
 B = Non-spawn XP
 C = Spawn XP percentage of total XP
 D = Spawn monster count
 E = Non-spawn monster count
 F = Spawn count percentage of total count
 G = Total turns spent on level
                    A         B        C        D         E        F      G
               +---------+---------+-------+---------+---------+-------+---------
         Total |       0 |   96746 |   0.0 |       0 |     591 |   0.0 | 34254
               +---------+---------+-------+---------+---------+-------+---------
           D:1 |       0 |      51 |   0.0 |       0 |      27 |   0.0 |   817
           D:2 |       0 |      79 |   0.0 |       0 |      20 |   0.0 |   749
           D:3 |       0 |      78 |   0.0 |       0 |      24 |   0.0 |  1301
           D:4 |       0 |    1729 |   0.0 |       0 |      37 |   0.0 |  2201
           D:5 |       0 |     983 |   0.0 |       0 |      34 |   0.0 |  1396
           D:6 |       0 |     539 |   0.0 |       0 |      24 |   0.0 |   935
           D:7 |       0 |    1927 |   0.0 |       0 |      33 |   0.0 |  1340
           D:8 |       0 |    2188 |   0.0 |       0 |      28 |   0.0 |  1148
           D:9 |       0 |    3871 |   0.0 |       0 |      31 |   0.0 |  1514
          D:10 |       0 |    3507 |   0.0 |       0 |      13 |   0.0 |  1673
          D:11 |       0 |    5034 |   0.0 |       0 |      33 |   0.0 |  1407
          D:12 |       0 |    5476 |   0.0 |       0 |      26 |   0.0 |  1081
          D:13 |       0 |    5347 |   0.0 |       0 |      15 |   0.0 |  1581
          D:14 |       0 |   19625 |   0.0 |       0 |      54 |   0.0 |  2917
        Lair:1 |       0 |    6178 |   0.0 |       0 |      32 |   0.0 |  2180
        Lair:2 |       0 |    4012 |   0.0 |       0 |      21 |   0.0 |  1661
        Lair:3 |       0 |    9880 |   0.0 |       0 |      76 |   0.0 |  4138
        Lair:4 |       0 |    2659 |   0.0 |       0 |      23 |   0.0 |   362
       Swamp:1 |       0 |    5200 |   0.0 |       0 |      12 |   0.0 |   756
       Snake:1 |       0 |    8169 |   0.0 |       0 |      15 |   0.0 |  4391
       Snake:2 |       0 |   10214 |   0.0 |       0 |      13 |   0.0 |   698
               +---------+---------+-------+---------+---------+-------+---------
